 Dungeon Crawl Stone Soup version 0.16-a0-3623-gda98d6b (webtiles) character file.

214 Minkie the Chopper (level 5, 0/49 HPs)
             Began as a Naga Fighter on Jan 13, 2015.
             Slain by a quokka (4 damage)
             ... on level 4 of the Dungeon.
             The game lasted 00:12:54 (2925 turns).

Minkie the Chopper (Naga Fighter)                   Turns: 2925, Time: 00:12:55

Health: 0/49       AC:  7    Str: 18    XL:     5   Next: 91%
Magic:  5/5        EV:  5    Int: 10    God:
Gold:   156        SH:  0    Dex: 10    Spells: 0 memorised, 4 levels left

rFire  + . .     SeeInvis +     x - +1 battleaxe (holy)
rCold  . . .     Clarity  +     a - +0 chain mail
rNeg   . . .     SustAb   .     (no shield)
rPois  +         Gourm    .     (no helmet)
rElec  .         Spirit   .     (no cloak)
rCorr  .         Warding  .     m - +0 pair of gloves
rMut   .         Stasis   .     (no barding)
MR     .....                    h - amulet of clarity
Stlth  ..........               q - ring of protection from fire
                                r - ring of loudness (curse)

@: very slow, not resistant to hostile enchantments, extremely unstealthy
A: spit poison, see invisible, deformed body, poison resistance, slowness 2, AC
+1
a: Spit Poison


You were on level 4 of the Dungeon.
You were not hungry.

You visited 1 branch of the dungeon, and saw 4 of its levels.

You collected 156 gold pieces.

Inventory:

Hand weapons
 x - a +1 battleaxe of holy wrath (weapon)
Armour
 a - a +0 chain mail (worn)
 m - a +0 pair of gloves (worn)
Jewellery
 h - an amulet of clarity (around neck)
 j - an uncursed ring of stealth
 q - a ring of protection from fire (right hand)
 r - a cursed ring of loudness (left hand)
Scrolls
 b - a scroll of recharging {unknown}
 g - 6 scrolls of remove curse {unknown}
 l - 5 scrolls of identify {unknown}
 n - a scroll of magic mapping {unknown}
 o - a scroll of noise {unknown}
 s - a scroll of fog {unknown}
Potions
 e - a potion of might
 f - a potion of heal wounds {unknown}
 k - a potion of curing {unknown}
 p - a potion of degeneration {unknown}
 t - a potion of poison {unknown}
 u - 2 potions of haste {unknown}
Comestibles
 d - 3 bread rations
 i - a slice of pizza
 v - a meat ration


   Skills:
 - Level 3.0 Fighting
 + Level 5.9 Axes
 - Level 2.4 Armour
   Level 2.4 Shields


You had 4 spell levels left.
You didn't know any spells.

Dungeon Overview and Level Annotations

Branches:
Dungeon (4/15)
 Temple: D:4-7

Altars:
Elyvilon
Nemelex Xobeh
Zin


Innate Abilities, Weirdness & Mutations

You cannot wear boots.
You can spit poison.
Your serpentine skin is tough (AC +1).
You have supernaturally acute eyesight.
Armour fits poorly on your strangely shaped body.
Your system is resistant to poisons.
You cover ground very slowly.


Message History

The ogre shouts!
Found a gold piece.
You slash the ogre!
The ogre is heavily wounded.
The ogre hits you with a giant spiked club!
A giant newt and a quokka come into view.
You completely miss the ogre.
The ogre is heavily wounded.
The giant newt moves out of view.
The ogre hits you with a giant spiked club!!
You slash the ogre!
The ogre is severely wounded.
The ogre barely misses you.
You barely miss the ogre.
The ogre is severely wounded.
You closely miss the quokka. The quokka bites you.
The ogre hits you with a giant spiked club!
* * * LOW HITPOINT WARNING * * *
The quokka bites you.
You die...

## ..
#.#######.#
+...#r....#
#...@###......
#.....O.....##.
#.......##....
...###+#l# $#
.. .. ..# ...
...# .


You could see an ogre, a quokka and a giant newt.

Vanquished Creatures
  2 orc priests (D:3)
  An orc wizard (D:3)
  4 adders (D:2)
  3 worms
  3 giant geckos
  An ooze (D:1)
  7 orcs (D:3)
  7 bats
  6 giant cockroaches
  6 hobgoblins
  9 kobolds
  A quokka (D:2)
  A ball python (D:2)
  5 giant newts
  4 goblins
  8 rats
68 creatures vanquished.

Notes
Turn   | Place    | Note
--------------------------------------------------------------
     0 | D:1      | Minkie, the Naga Fighter, began the quest for the Orb.
     0 | D:1      | Reached XP level 1. HP: 21/21 MP: 1/1
   218 | D:1      | Reached XP level 2. HP: 21/28 MP: 2/2
  1115 | D:2      | Reached XP level 3. HP: 34/34 MP: 3/3
  1266 | D:2      | Found a sparkling altar of Nemelex Xobeh.
  1340 | D:2      | Reached skill level 4 in Axes
  1607 | D:2      | Reached XP level 4. HP: 39/42 MP: 4/4
  1938 | D:2      | Found a white marble altar of Elyvilon.
  2097 | D:3      | Reached skill level 5 in Axes
  2097 | D:3      | Reached XP level 5. HP: 7/49 MP: 5/5
  2547 | D:3      | Found a glowing silver altar of Zin.
  2548 | D:3      | Noticed an angel
  2921 | D:4      | Noticed an ogre
  2925 | D:4      | Slain by a quokka

Action                   |  1- 3 |  4- 6 || total
-------------------------+-------+-------++-------
Melee: War axe           |    95 |    12 ||   107
       Battleaxe         |       |    95 ||    95
 Abil: Spit Poison       |    10 |     9 ||    19
  Eat: Chunk             |     3 |     5 ||     8
